 Dungeon Crawl Stone Soup version 0.30-a0-956-gcec3b41aec (webtiles) character file.

Game seed: 7803451718669002402

2076 Zonian the Grappler (level 9, -7/51 HPs)
             Began as a Vine Stalker Gladiator on Mar 30, 2023.
             Was an Initiate of Ashenzari.
             Mangled by a gargoyle
             ... wielding a +0 flail
              (12 damage)
             ... on level 7 of the Dungeon.
             The game lasted 00:11:11 (5753 turns).

Zonian the Grappler (Vine Stalker Gladiator)        Turns: 5753, Time: 00:11:11

Health: -7/51      AC:  7    Str: 21    XL:     9   Next: 26%
Magic:  0/10       EV: 12    Int:  8    God:    Ashenzari [......]
Gold:   384        SH:  3    Dex: 16    Spells: 8/8 levels left

rFire   . . .      SeeInvis .      - Unarmed
rCold   . . .      Faith    .    g - +0 buckler
rNeg    . . .      Spirit   +    a - +0 leather armour
rPois   .          Reflect  .    b - +1 helmet
rElec   .          Rampage  .    (no cloak)
rCorr   .                        (no gloves)
Will    +....                    r - +1 pair of boots of Panopticon {Evo, Fort} (curse)
Stlth   +                        (no amulet)
HPRegen 1.08/turn                (no ring)
MPRegen 0.12/turn                (no ring)

@: no status effects
A: fangs 3, regeneration 1, magic shield, antimagic bite, no potion heal 2
a: Renounce Religion, Shatter the Chains


You were on level 7 of the Dungeon.
You worshipped Ashenzari.
Ashenzari was noncommittal.
You visited 2 branches of the dungeon, and saw 8 of its levels.

You collected 384 gold pieces.

Inventory:

Missiles
 d - a javelin (quivered)
 l - 18 poisoned darts
Armour
 a - a +0 leather armour (worn)
 b - a +1 helmet (worn)
 g - a +0 buckler (worn)
 r - the cursed +1 pair of boots of Panopticon (worn) {Evo, Fort}
   (You found it on level 2 of the Dungeon)

   It has a curse which improves the following skills: Evocations: Evocations.
   Fortitude: Armour and Shields.
 s - a +1 scale mail
Wands
 A - a wand of digging (8)
Scrolls
 f - a scroll of poison {unknown}
 k - 3 scrolls of amnesia
 n - a scroll of magic mapping
 q - a scroll of noise {unknown}
 u - a scroll of enchant weapon {unknown}
 w - 2 scrolls of blinking {unknown}
 x - a scroll of brand weapon {unknown}
 y - 2 scrolls of fog {unknown}
 B - 3 scrolls of identify
 E - 2 scrolls of fear {unknown}
 H - a scroll of torment {unknown}
Potions
 e - 8 potions of curing
 h - a potion of cancellation
 i - a potion of flight {unknown}
 j - a potion of haste {unknown}
 m - 3 potions of attraction
 o - a potion of ambrosia {unknown}
 p - a potion of mutation {unknown}
 v - a potion of resistance {unknown}
 z - a potion of invisibility {unknown}
 C - a potion of heal wounds {unknown}
 D - a potion of degeneration {unknown}
 G - a potion of brilliance {unknown}


   Skills:
 + Level 7.8 Fighting
 - Level 2.2 Throwing
 - Level 2.7 Dodging
 + Level 8.8 Unarmed Combat


You had 8 spell levels left.
You didn't know any spells.
Your spell library contained the following spells:

 Spells                   Type           Power      Damage    Failure   Level
 Beastly Appendage        Tmut           0%         N/A       56%         1
 Sting                    Tmut/Pois      0%         1d3       56%         1
 Summon Small Mammal      Summ           0%         N/A       56%         1
 Lesser Beckoning         Tloc           0%         N/A       71%         2
 Poisonous Vapours        Pois/Air       0%         N/A       71%         2
 Wereblood                Tmut           0%         N/A       71%         2
 Call Canine Familiar     Summ           0%         N/A       91%         3
 Gell's Gravitas          Tloc           0%         N/A       91%         3
 Spider Form              Tmut/Pois      0%         N/A       91%         3
 Summon Guardian Golem    Hex/Summ       0%         N/A       91%         3
 Teleport Other           Tloc           0%         N/A       91%         3
 Olgreb's Toxic Radiance  Pois           0%         N/A       100%        4


Dungeon Overview and Level Annotations

Branches:
Dungeon (7/15)             Temple (1/1) D:5

Altars:
Ashenzari
Cheibriados
Dithmenos
Gozag
Kikubaaqudgha
Makhleb
Okawaru
Qazlal
Trog
Uskayaw
Wu Jian
Yredelemnul
Zin
The Shining One

Annotations:
D:5 3 runed translucent doors, Iich's ghost, amateur DsFi; cforsyth's ghost, novice FoFi; oldplebian's ghost, weakling HOCA; roninjake's ghost, novice MiFi


Innate Abilities, Weirdness & Mutations

You have razor-sharp teeth.
Your natural rate of healing is unusually fast.
When hurt, damage is shared between your health and your magic reserves.
Your bite disrupts and absorbs the magic of your enemies.
Potions cannot restore your health.


Message History

A gnoll comes into view. It is wielding a +0 whip.
The gnoll struggles against the net.
The gnoll sergeant completely misses you.
You catch the helpless gnoll completely off-guard!
You punch the gnoll!
You kill the gnoll!
The gargoyle hurls a stone arrow at you.
The stone arrow hits you!
The gnoll sergeant hits you with a +4 trident of freezing!
The gnoll sergeant freezes you.
Things that are here:
a +0 halberd; a gnoll corpse You hit the gnoll sergeant but do no damage.
The gnoll sergeant blocks your attack. The gargoyle misses you.
The gnoll sergeant barely misses you.
Unknown command.
The gnoll sergeant hits you but does no damage.
The gargoyle attacks as you move away! The gargoyle closely misses you.
Unknown command.
Okay, then.
Okay, then.
Okay, then.
You punch the gargoyle!
You bite the gargoyle, but do no damage.
The gargoyle is moderately damaged.
The gargoyle hits you with a +0 flail!
You hit the gargoyle but do no damage.
You bite the gargoyle, but do no damage.
The gargoyle is moderately damaged.
The gargoyle hurls a stone arrow at you.
The stone arrow hits you!!
* * * LOW HITPOINT WARNING * * *
You punch the gargoyle!
The gargoyle is severely damaged.
The gargoyle barely misses you.
You hit the gargoyle.
You bite the gargoyle, but do no damage.
The gargoyle is severely damaged.
The gargoyle hits you with a +0 flail!
You die...

......#######.##.#.#####.#
......##......##......##.#
..##.###......####.##.##.#
...#..........####.#...#.#
.#.#.###............†....#
.#.#.# #.....###........##
.....# ####### #.##.....#
##.### #.###...## #.####
#@# ##### ....# #9#
#.##9##########g#
#....gg.#......g#
####.##.#.......#
#.##.........#
..####......## ####
#......# ########


You could see a gargoyle, a gnoll sergeant (reflecting) and a gnoll.

Vanquished Creatures
  A wyvern (D:7)
  2 water moccasins (D:6)
  2 black bears
  3 ice beasts
  2 ogres (D:5)
  4 phantoms
  A kobold brigand (D:6)
  2 bullfrogs
  A scorpion (D:5)
  2 orc priests
  2 hounds (D:5)
  An orc wizard (D:3)
  A sleepcap (D:6)
  3 iguanas
  A mummy (D:5)
  8 gnolls
  10 adders
  2 ufetubi
  A dart slug (D:4)
  11 orcs
  11 endoplasms
  3 giant cockroaches
  5 goblins
  10 hobgoblins
  8 jackals (D:1)
  6 kobolds
  6 quokkas
  4 ball pythons
  2 bats (D:3)
  3 frilled lizards
  8 rats
126 creatures vanquished.

Notes
Turn   | Place    | Note
-------+----------+-------------------------------------------
     0 | D:1      | Zonian the Vine Stalker Gladiator began the quest for the
                  | Orb.
     0 | D:1      | Reached XP level 1. HP: 11/11 MP: 2/2
    47 | D:1      | Reached XP level 2. HP: 13/15 MP: 3/3
   306 | D:1      | Found a faded altar of an unknown god.
   472 | D:1      | Reached XP level 3. HP: 17/18 MP: 4/4
  1237 | D:2      | Gained mutation: Your natural rate of healing is unusually
                  | fast. [Vine Stalker growth]
  1237 | D:2      | Reached XP level 4. HP: 17/23 MP: 5/5
  1699 | D:3      | Reached skill level 4 in Unarmed Combat
  1859 | D:3      | Reached XP level 5. HP: 14/28 MP: 6/6
  2096 | D:3      | Found a stormy altar of Qazlal.
  2098 | D:3      | Noticed a water elemental
  2099 | D:3      | Noticed a fire elemental
  2099 | D:3      | Noticed an air elemental
  2616 | D:3      | Found a shadowy altar of Dithmenos.
  2918 | D:4      | Reached XP level 6. HP: 33/33 MP: 7/7
  2957 | D:4      | Reached skill level 5 in Unarmed Combat
  3306 | D:4      | Reached XP level 7. HP: 37/38 MP: 8/8
  3401 | D:4      | Reached skill level 5 in Fighting
  3521 | D:5      | Entered Level 5 of the Dungeon
  3545 | D:5      | Reached skill level 6 in Unarmed Combat
  3967 | D:5      | Gained mutation: You have razor-sharp teeth. [Vine Stalker
                  | growth]
  3967 | D:5      | Reached XP level 8. HP: 41/44 MP: 9/9
  4001 | D:5      | Found a snail-covered altar of Cheibriados.
  4115 | D:5      | Found a runed translucent gate.
  4115 | D:5      | Noticed roninjake's ghost (novice MiFi)
  4116 | D:5      | Found a runed translucent gate.
  4117 | D:5      | Found a runed translucent gate.
  4117 | D:5      | Noticed Iich's ghost (amateur DsFi)
  4117 | D:5      | Noticed oldplebian's ghost (weakling HOCA)
  4117 | D:5      | Noticed cforsyth's ghost (novice FoFi)
  4185 | D:5      | Identified the +3 mace "Mewaxex" {flame, Will+}
  4267 | D:5      | Reached skill level 7 in Unarmed Combat
  4395 | D:5      | Found a staircase to the Ecumenical Temple.
  4704 | Temple   | Entered the Ecumenical Temple
  4758 | Temple   | Became a worshipper of Ashenzari the Shackled
  5286 | D:6      | Reached skill level 8 in Unarmed Combat
  5307 | D:6      | Found a glowing golden altar of the Shining One.
  5503 | D:7      | Noticed a wyvern
  5508 | D:7      | Killed a wyvern
  5509 | D:7      | Reached XP level 9. HP: 48/50 MP: 8/10
  5727 | D:7      | Noticed a gargoyle
  5751 | D:7      | HP: 2/51 [gargoyle/stone arrow (17)]
  5753 | D:7      | Mangled by a gargoyle

Illustrated notes

Levels and vault maps discovered:
D:1:      dpeg_arrival_water_temple_mockup, layout_basic,
          dreamdust_ecumenical_altar_angels_and_demons
D:2:      layout_basic
D:3:      layout_basic, general_overflow_altar,
          nicolae_qazlal_style_of_elements, minmay_misc_feat_ornament
D:4:      layout_basic
D:5:      layout_loops_cross, slow_altar_1, temple_hall,
          gammafunk_ghost_cemetery
D:6:      layout_rooms, kennysheep_mini, chequers_serial_rivers_micro_a,
          nicolae_nh_ransacked_shop
D:7:      layout_loops_cross
Temple:   compressed_dpeg_circular_temple

Skill      XL: |  1  2  3  4  5  6  7  8 |
---------------+-------------------------+-----
Fighting       | 2 3 4 5 7 |  7.8
Throwing       | 2 |  2.2
Unarmed Combat | 4 5 6 8 |  8.8
Dodging        | |  2.7

Action                     |  1- 3 |  4- 6 |  7- 9 || total
---------------------------+-------+-------+-------++-------
  Melee: Unarmed           |   129 |   199 |   173 ||   501
         Bite              |    22 |    63 |    44 ||   129
         Punch             |     1 |       |       ||     1
  Throw: Throwing net      |     2 |     3 |     1 ||     6
         Dart              |       |       |     5 ||     5
 Invoke: Curse Item        |       |       |     1 ||     1
    Use: Scroll            |       |     8 |     2 ||    10
         Potion            |       |       |     1 ||     1
   Stab: Sleeping          |     2 |     1 |     1 ||     4
         Held in net/web   |       |     1 |     1 ||     2
 Armour: Leather armour    |    30 |    34 |    41 ||   105
  Dodge: Dodged            |    62 |    82 |    82 ||   226
  Block: Buckler           |    14 |    23 |    23 ||    60

Table legend: (Time is in decaauts)
 A = Elapsed time spent in this place.
 B = Non-inter-level travel time spent in this place.
 C = Inter-level travel time spent in this place.
 D = Time resting spent in this place.
 E = Time spent auto-exploring this place.
 F = Levels seen in this place.
 G = Mean time per level.
                   A        B        C        D        E       F      G
               +--------+--------+--------+--------+--------+-----+--------+
         Total |   5729 |   5516 |    213 |    253 |   4103 |   8 |  716.1 |
       Dungeon |   5659 |   5462 |    197 |    253 |   4062 |   7 |  808.4 |
        Temple |     69 |     54 |     15 |      0 |     41 |   1 |   69.0 |
               +--------+--------+--------+--------+--------+-----+--------+

Top non-repeatable levels by time:
     D:5: 1263 daAuts
     D:3: 1087 daAuts
     D:2: 883 daAuts
     D:4: 841 daAuts
     D:1: 697 daAuts
     D:6: 639 daAuts
     D:7: 247 daAuts
  Temple: 69 daAuts
